 Dungeon Crawl Stone Soup version 0.18.1-50-g88ac8fd (webtiles) character file.

1755 Patate the Covert (level 8, 0/37 HPs)
             Began as a Spriggan Assassin on Oct 25, 2016.
             Was an Initiate of Dithmenos.
             Splashed by a jelly's acid (1 damage)
             ... on level 7 of the Dungeon.
             The game lasted 00:42:45 (11697 turns).

Patate the Covert (Spriggan Assassin)              Turns: 11697, Time: 00:42:46

Health: 0/37       AC: -4    Str:  7    XL:     8   Next: 78%
Magic:  9/9        EV: 17    Int:  9    God:    Dithmenos [......]
Gold:   273        SH:  0    Dex: 20    Spells: 0 memorised, 7 levels left

rFire  . . .     SeeInvis +     a - +3 dagger
rCold  . . .     Gourm    .     c - +0 robe
rNeg   . . .     Faith    .     (shield restricted)
rPois  .         Spirit   .     (helmet restricted)
rElec  .         Dismiss  .     d - +1 cloak
rCorr  .         Reflect  .     (gloves unavailable)
SustAt .         Harm     .     (boots unavailable)
MR     +....                    (no amulet)
Stlth  ++++++....               (no ring)
                                k - -3 ring of intelligence (curse)

@: corroded, very quick, somewhat resistant to hostile enchantments, very
stealthy
A: unfitting armour, see invisible, herbivore 3, speed 3, slow metabolism 2
a: Renounce Religion


You were on level 7 of the Dungeon.
You worshipped Dithmenos.
Dithmenos was noncommittal.
You were very hungry.

You visited 2 branches of the dungeon, and saw 8 of its levels.
You also visited: Sewer.

You collected 273 gold pieces.

Inventory:

Hand Weapons
 a - a +3 dagger (weapon)
 b - a +0 blowgun
Missiles
 e - 8 poisoned needles
 f - 5 curare-tipped needles
Armour
 c - a +0 robe (worn)
 d - a +1 cloak (worn)
Jewellery
 k - a cursed -3 ring of intelligence (left hand)
Scrolls
 h - 2 scrolls of teleportation
 l - 2 scrolls of enchant armour
 o - a scroll of recharging
Potions
 g - 2 potions of agility
 j - 2 potions of berserk rage
 n - 2 potions of brilliance
 p - a potion of cure mutation
 q - a potion of might
 r - a potion of flight
 s - 2 potions of heal wounds
Comestibles
 i - 2 bread rations


   Skills:
 - Level 1.5 Fighting
 * Level 10.7 Short Blades
 - Level 2.0 Throwing
 - Level 1.5 Dodging
 - Level 10.7 Stealth


You had 7 spell levels left.
You didn't know any spells.

Dungeon Overview and Level Annotations

Branches:
Dungeon (7/15)             Temple (1/1) D:5

Altars:
Ashenzari
Cheibriados
Dithmenos
Elyvilon
Fedhas
Gozag
Kikubaaqudgha
Makhleb
Nemelex Xobeh
Okawaru
Pakellas
Qazlal
Ru
Sif Muna
Trog
Xom
Zin
The Shining One

Shops:
D:6 [

Annotations:
D:3 ender666's ghost, amateur GrFi
D:6 robe cool !


Innate Abilities, Weirdness & Mutations

You are tiny and cannot use many weapons and most armour.
You have supernaturally acute eyesight.
You are a herbivore.
You cover ground extremely quickly.
You need consume almost no food.


Message History

You puncture the jelly!
Your hands burn!
The jelly is moderately wounded.
You hit the jelly.
Your hands burn!
The jelly is severely wounded.
The jelly closely misses you.
You hit the jelly. The acid corrodes you!
Your hands burn!
The jelly is severely wounded.
You hit the jelly.
Your hands burn!
The jelly is almost dead.
The jelly hits you.
You are splashed with acid!
The acid corrodes you!
The acid burns!
You hit the jelly but do no damage.
Your hands burn!
* * * LOW HITPOINT WARNING * * *
The jelly is almost dead.
The jelly hits you.
* * * LOW HITPOINT WARNING * * *
You are splashed with acid!
The acid corrodes you!
The acid burns!
* * * LOW HITPOINT WARNING * * *
You hit the jelly but do no damage.
Your hands burn!
You die...

#...........#####
.###...........#
#...).......#
##'#'#......+
#.#(.).....#
#.##.......#
#.##..######
#.##.>.....#
#@#<.(####.#
#J########
#K....K...
###K.K....
.K.K... .......
....... .......
.......


You could see a jelly and 3 kobolds.

Vanquished Creatures
  Sigmund (D:6)
  Eustachio (D:6)
  An orc warrior (D:3)
  4 necrophages (D:6)
  A big kobold (Sewer)
  A gnoll sergeant (D:5)
  2 scorpions (D:5)
  2 killer bees (D:4)
  A crimson imp (D:3)
  4 hounds
  A quasit (D:6)
  An orc priest (D:5)
  An orc wizard (D:4)
  A centaur skeleton (D:5)
  A worker ant (D:5)
  A worker ant zombie (D:6)
  11 adders
  5 gnolls (D:5)
  8 river rats (Sewer)
  A shadow imp (D:5)
  3 oozes
  9 worms
  4 dart slugs
  2 giant geckos
  11 orcs
  4 ball pythons
  7 giant cockroaches
  6 goblins
  8 hobgoblins
  17 jackals
  3 quokkas
  6 bats
  8 giant newts
  23 kobolds
  25 rats
185 creatures vanquished.

Vanquished Creatures (others)
  A jackal (D:6)
  2 bushes (D:6)
  6 plants (D:6)
9 creatures vanquished.

Grand Total: 194 creatures vanquished

Notes
Turn   | Place    | Note
--------------------------------------------------------------
     0 | D:1      | Patate the Spriggan Assassin began the quest for the Orb.
     0 | D:1      | Reached XP level 1. HP: 10/10 MP: 2/2
   236 | D:1      | Reached XP level 2. HP: 10/14 MP: 3/3
   915 | D:1      | Reached XP level 3. HP: 18/18 MP: 4/4
  2284 | D:2      | Reached XP level 4. HP: 22/22 MP: 5/5
  2965 | D:3      | Noticed ender666's ghost (amateur GrFi)
  3306 | D:3      | Reached XP level 5. HP: 23/25 MP: 6/6
  3685 | D:3      | Found a glowing drain.
  3807 | Sewer    | Entered a sewer
  4188 | Sewer    | Reached XP level 6. HP: 30/30 MP: 7/7
  4466 | Sewer    | Reached skill level 10 in Stealth
  5410 | D:3      | Reached skill level 5 in Short Blades
  5522 | D:3      | Noticed an orc warrior
  5923 | D:3      | Killed an orc warrior
  5923 | D:3      | Reached XP level 7. HP: 33/33 MP: 8/8
  6339 | D:4      | Found a glowing golden altar of the Shining One.
  6768 | D:4      | HP: 1/33 [killer bee (2)]
  7246 | D:5      | Entered Level 5 of the Dungeon
  8099 | D:5      | Noticed a steam dragon
  8101 | D:5      | Noticed a steam dragon
  8151 | D:6      | Found a bloodstained altar of Trog.
  8161 | D:6      | Found a sparkling altar of Nemelex Xobeh.
  8568 | D:5      | Found a shimmering altar of Xom.
  8572 | D:5      | Found a staircase to the Ecumenical Temple.
  8655 | Temple   | Entered the Ecumenical Temple
  8751 | Temple   | Became a worshipper of Dithmenos the Shadowed
  9658 | D:6      | Found a white marble altar of Elyvilon.
  9736 | D:6      | Found a snail-covered altar of Cheibriados.
  9776 | D:6      | Noticed Sigmund
  9781 | D:6      | Killed Sigmund
  9781 | D:6      | Reached XP level 8. HP: 37/37 MP: 9/9
  9847 | D:6      | Found Gizos's Armour Shop.
  9926 | D:6      | Noticed Eustachio
 10311 | D:6      | Killed Eustachio
 10527 | D:6      | Found a blossoming altar of Fedhas.
 10691 | D:6      | Reached skill level 10 in Short Blades
 11696 | D:7      | HP: 1/37 [acid (8)]
 11697 | D:7      | Splashed by a jelly's acid

Skill      XL: |  1  2  3  4  5  6  7  8 |
---------------+-------------------------+-----
Stealth        | 6 7 8 9 10 | 10.7
Short Blades   | 4 5 8 10 | 10.7
Fighting       | |  1.5
Throwing       | |  2.0
Dodging        | |  1.5

Action                   |  1- 3 |  4- 6 |  7- 9 || total
-------------------------+-------+-------+-------++-------
Melee: Dagger            |   145 |   293 |   371 ||   809
 Fire: Blowgun           |    14 |    47 |    44 ||   105
  Use: Scroll            |       |     9 |     6 ||    15
       Potion            |       |       |     8 ||     8
 Stab: Sleeping          |    11 |    28 |    18 ||    57
       Distracted        |     2 |     1 |       ||     3
  Eat: Bread ration      |       |     1 |       ||     1
       Pizza             |       |       |     1 ||     1
Armor: Robe              |    16 |    25 |    36 ||    77
Dodge: Dodged            |   122 |   155 |   206 ||   483
